 Dungeon Crawl Stone Soup version 0.30-a0-187-gd9c2deaf24 (webtiles) character file.

Game seed: 4672866413931094836

2298 KennySheep the Fighter (level 9, 0/101 HPs)
             Began as an Ogre Fighter on Oct 4, 2022.
             Was an Elder of Cheibriados.
             Killed from afar by Maggie (31 damage)
             ... with a bolt of fire
             ... on level 7 of the Dungeon.
             The game lasted 00:21:10 (5744 turns).

KennySheep the Fighter (Ogre Fighter)               Turns: 5744, Time: 00:21:11

Health: 0/101      AC:  3    Str: 36    XL:     9   Next: 40%
Magic:  9/9        EV:  9    Int: 19    God:    Cheibriados [****..]
Gold:   1309       SH:  9    Dex: 18    Spells: 8/8 levels left

rFire   . . .      SeeInvis .    a - +2 whip (venom)
rCold   . . .      Faith    .    c - +0 kite shield
rNeg    . . .      Spirit   .    j - +0 robe
rPois   +          Reflect  .    (helmet restricted)
rElec   .          Harm     .    (no cloak)
rCorr   .          Rampage  .    (gloves unavailable)
Will    +....                    (boots unavailable)
Stlth   ++........               p - amulet of regeneration
HPRegen 1.16/turn                m - ring of poison resistance
MPRegen 0.11/turn                q - ring of willpower

@: very slow
A: large, unfitting armour, tough skin 1, mutation resistance 1
a: Renounce Religion, Bend Time, Temporal Distortion, Slouch


You were on level 7 of the Dungeon.
You worshipped Cheibriados.
Cheibriados was greatly pleased with you.
You visited 1 branch of the dungeon, and saw 7 of its levels.
You also visited: Sewer and Ossuary.

You collected 1309 gold pieces.

Inventory:

Hand Weapons
 a - a +2 whip of venom (weapon)
 b - a +2 antimagic whip
 i - a +0 flail
Armour
 c - a +0 kite shield (worn)
 j - a +0 robe (worn)
Jewellery
 f - an amulet of magic regeneration
 m - a ring of poison resistance (left hand)
 p - an amulet of regeneration (around neck)
 q - a ring of willpower (right hand)
 u - a ring of resist corrosion
 B - a ring of magical power
Wands
 v - a wand of charming (11)
 y - a wand of light (2)
 A - a wand of flame (21)
Scrolls
 g - 3 scrolls of fear {unknown}
 k - 3 scrolls of amnesia
 l - a scroll of butterflies
 t - 5 scrolls of teleportation
 w - 2 scrolls of vulnerability
 x - 2 scrolls of blinking
 C - a scroll of immolation {unknown}
 D - a scroll of summoning
 E - a scroll of poison {unknown}
Potions
 d - a potion of ambrosia
 e - a potion of cancellation
 h - a potion of heal wounds
 n - 5 potions of curing
 o - 5 potions of attraction
 r - 2 potions of flight
 s - 2 potions of degeneration {unknown}
 z - a potion of magic {unknown}


   Skills:
 + Level 10.1 Fighting
 * Level 9.4 Maces & Flails
 - Level 2.6 Dodging
 - Level 3.0 Shields


You had 8 spell levels left.
You didn't know any spells.
Your spell library contained the following spells:

 Spells                   Type           Power      Damage    Failure   Level
 Beastly Appendage        Tmut           0%         N/A       43%         1
 Sting                    Tmut/Pois      0%         1d3       43%         1
 Poisonous Vapours        Pois/Air       0%         N/A       58%         2
 Sublimation of Blood     Necr           0%         N/A       58%         2
 Wereblood                Tmut           0%         N/A       58%         2
 Spider Form              Tmut/Pois      0%         N/A       82%         3
 Olgreb's Toxic Radiance  Pois           0%         N/A       99%         4
 Blade Hands              Tmut           0%         N/A       100%        5
 Irradiate                Conj/Tmut      0%         3d11      100%        5
 Dragon Form              Tmut           0%         N/A       100%        7
 Summon Hydra             Summ           0%         N/A       100%        7


Dungeon Overview and Level Annotations

Branches:
Dungeon (7/15)             Temple (0/1) D:4           Sewer (visited)
Ossuary (visited)

Altars:
Cheibriados
Dithmenos

Annotations:
D:7 Maggie


Innate Abilities, Weirdness & Mutations

You are too large for most types of armour.
You have tough skin. (AC +1)
You are somewhat resistant to further mutation.


Message History

You hit Maggie but do no damage.
Maggie is severely wounded.
Maggie hits you with a +1 long sword of flaming!
* * * LOW HITPOINT WARNING * * *
Maggie burns you.
* * * LOW HITPOINT WARNING * * *
You feel much better.
Maggie looks more healthy.
Maggie gestures wildly while chanting.
Maggie attempts to bespell you! You resist with almost no effort.
You closely miss Maggie.
Maggie is severely wounded.
Maggie casts a spell at you. The bolt of fire hits you!!
* * * LOW HITPOINT WARNING * * *
You feel much better.
Maggie hits you with a +1 long sword of flaming!
* * * LOW HITPOINT WARNING * * *
Maggie burns you.
* * * LOW HITPOINT WARNING * * *
You whack Maggie!
Maggie is almost dead.
You block Maggie's attack.
You closely miss Maggie.
Maggie is almost dead.
You hit Maggie.
Maggie is almost dead.
Maggie casts a spell at you. The bolt of fire hits you!
* * * LOW HITPOINT WARNING * * *
You feel much better. Maggie barely misses you.
You hit Maggie but do no damage.
Maggie is almost dead.
Maggie hits you with a +1 long sword of flaming.
Maggie burns you.
* * * LOW HITPOINT WARNING * * *
You hit Maggie but do no damage.
Maggie is poisoned.
Maggie is almost dead.
Maggie points at you and mumbles some strange words.
The bolt of fire hits you!!
You die...

############.##....>..#
#.# #.# . #.#
..#####'####
...........#
...........#
...........#
..#####@####
..[.>.@...# ..........#
..........# ..........#
......!...# ..........#
..........#


You could see Maggie (very poisoned).

Vanquished Creatures
  Sigmund (D:4)
  3 water moccasins
  A black bear (D:6)
  An orc warrior (D:6)
  2 centaurs (D:7)
  2 phantoms
  2 elf zombies
  A bullfrog (D:6)
  2 elf skeletons (D:4)
  2 scorpions
  A howler monkey (D:6)
  2 human zombies (Ossuary)
  A jelly (D:5)
  An orc priest (D:3)
  3 hounds
  A gnoll bouda (D:6)
  Jessica (D:2)
  Ijyb (D:3)
  2 human skeletons (D:4)
  6 iguanas
  2 orc wizards (D:2)
  A hell rat (Sewer)
  A hound zombie (Ossuary)
  4 mummies (Ossuary)
  3 gnolls (D:6)
  A river rat (Sewer)
  4 adders
  3 white imps (D:5)
  An ufetubus (D:5)
  2 adder zombies (Ossuary)
  2 worms
  3 dart slugs
  11 orcs
  4 bats
  12 endoplasms
  3 giant cockroaches
  12 goblins
  8 hobgoblins
  5 quokkas
  5 ball pythons
  6 frilled lizards
  2 gnoll zombies (Ossuary)
  4 kobolds
  A kobold zombie (Ossuary)
  An orc skeleton (D:4)
  2 orc zombies (Ossuary)
  12 rats
  A rat zombie (Ossuary)
152 creatures vanquished.

Notes
Turn   | Place    | Note
-------+----------+-------------------------------------------
     0 | D:1      | KennySheep the Ogre Fighter began the quest for the Orb.
     0 | D:1      | Reached XP level 1. HP: 24/24 MP: 1/1
   376 | D:1      | Reached XP level 2. HP: 32/32 MP: 2/2
  1081 | D:2      | Noticed Jessica
  1118 | D:2      | Killed Jessica
  1119 | D:2      | Reached XP level 3. HP: 13/40 MP: 1/3
  1350 | D:2      | Reached XP level 4. HP: 49/49 MP: 1/4
  1426 | D:2      | Found a snail-covered altar of Cheibriados.
  1433 | D:2      | Became a worshipper of Cheibriados the Contemplative
  1699 | D:3      | Reached skill level 5 in Fighting
  1723 | D:3      | Noticed Ijyb
  1748 | D:3      | Killed Ijyb
  1833 | D:3      | Found a glowing drain.
  1874 | D:3      | Reached * piety under Cheibriados
  1876 | D:3      | Reached XP level 5. HP: 18/57 MP: 1/5
  1885 | Sewer    | Entered a sewer
  2220 | D:3      | Reached XP level 6. HP: 67/67 MP: 2/6
  2286 | D:3      | Found a shadowy altar of Dithmenos.
  2366 | D:3      | Identified the +2 pair of gloves of Summer {Harm rCorr
                  | Dex-2 Stlth+}
  2574 | D:4      | Reached ** piety under Cheibriados
  2667 | D:4      | Reached skill level 6 in Fighting
  2720 | D:4      | Noticed Sigmund
  2750 | D:4      | Killed Sigmund
  2751 | D:4      | Reached skill level 5 in Maces & Flails
  2857 | D:4      | Reached XP level 7. HP: 70/76 MP: 2/7
  2911 | D:4      | Reached skill level 7 in Fighting
  2913 | D:4      | Found a sand-covered staircase.
  2926 | Ossuary  | Entered an ossuary
  3070 | Ossuary  | Reached *** piety under Cheibriados
  3104 | Ossuary  | Identified a scroll of acquirement
  3105 | Ossuary  | Acquired 880 gold pieces
  3262 | D:4      | Reached XP level 8. HP: 83/88 MP: 2/8
  3367 | D:4      | Found a staircase to the Ecumenical Temple.
  3502 | D:4      | Gained mutation: You are somewhat resistant to further
                  | mutation. [potion of mutation]
  3834 | D:5      | Entered Level 5 of the Dungeon
  3864 | D:5      | Reached skill level 8 in Fighting
  4415 | D:5      | Reached **** piety under Cheibriados
  4913 | D:6      | Reached skill level 9 in Fighting
  5012 | D:6      | Reached XP level 9. HP: 83/98 MP: 9/9
  5074 | D:6      | Identified the +7 scimitar "Suhaej" {speed, +Blink Int+3}
  5522 | D:7      | Reached skill level 10 in Fighting
  5714 | D:7      | Noticed Maggie
  5744 | D:7      | Killed from afar by Maggie

Illustrated notes

Levels and vault maps discovered:
D:1:      minmay_arrival_diagonal_passages, layout_basic
D:2:      layout_rooms, basic_altar, uniq_jessica
D:3:      layout_loops_cross, mainiacjoe_overflow_catwalk, portal_sewer_entry_f,
          uniq_ijyb
D:4:      kennysheep_the_goblin_king, layout_rooms, minmay_temple_entry_waves,
          nicolae_ossuary_entry_catacombs, serial_rivers,
          chequers_serial_rivers_room_a, chequers_serial_rivers_micro_d,
          chequers_serial_rivers_micro_c, chequers_serial_rivers_small_b,
          chequers_serial_rivers_room_a, uniq_sigmund
D:5:      layout_loops_corners, grunt_ministairs_15, kennysheep_generic_room_6
D:6:      layout_rooms
D:7:      layout_basic, uniq_maggie

Skill      XL: |  1  2  3  4  5  6  7  8  9 |
---------------+----------------------------+-----
Maces & Flails | 2 3 4 5 6 8 9 |  9.4
Fighting       | 5 6 7 9 10 | 10.1
Dodging        | |  2.6
Shields        | |  3.0

Action                   |  1- 3 |  4- 6 |  7- 9 || total
-------------------------+-------+-------+-------++-------
Melee: Flail             |    40 |       |       ||    40
       Whip              |    54 |   289 |   454 ||   797
  Use: Potion            |       |     2 |    14 ||    16
       Scroll            |       |     6 |     4 ||    10
 Stab: Invisible         |       |       |     4 ||     4
       Sleeping          |       |       |     2 ||     2
Armor: Robe              |    20 |    78 |    67 ||   165
Dodge: Dodged            |    25 |    88 |   132 ||   245
Block: Kite shield       |    35 |   111 |   168 ||   314

Table legend: (Time is in decaauts)
 A = Elapsed time spent in this place.
 B = Non-inter-level travel time spent in this place.
 C = Inter-level travel time spent in this place.
 D = Time resting spent in this place.
 E = Time spent auto-exploring this place.
 F = Levels seen in this place.
 G = Mean time per level.
                   A        B        C        D        E       F      G
               +--------+--------+--------+--------+--------+-----+--------+
         Total |   7499 |   6872 |    627 |    342 |   4699 |   9 |  833.2 |
       Dungeon |   6973 |   6346 |    627 |    328 |   4550 |   7 |  996.1 |
         Sewer |    139 |    139 |      0 |     14 |     26 |   1 |  139.0 |
       Ossuary |    386 |    386 |      0 |      0 |    123 |   1 |  386.0 |
               +--------+--------+--------+--------+--------+-----+--------+

Top non-repeatable levels by time:
     D:5: 1599 daAuts
     D:1: 1252 daAuts
     D:4: 1153 daAuts
     D:3: 961 daAuts
     D:6: 917 daAuts
     D:2: 756 daAuts
 Ossuary: 386 daAuts
     D:7: 334 daAuts
   Sewer: 139 daAuts
